 Dungeon Crawl Stone Soup version 0.31-a0-595-g4209ae197b (webtiles) character file.

Game seed: 10556678236751334601

553194 Iter the Slayer (level 25, -8/250 HPs)
             Began as a Minotaur Fighter on Aug 20, 2023.
             Was the Champion of Okawaru.
             Mangled by a doom hound (23 damage)
             ... on level 9 of a ziggurat.
             The game lasted 02:03:24 (61509 turns).

Iter the Slayer (Minotaur Fighter)                 Turns: 61509, Time: 02:03:25

Health: -8/250     AC: 54    Str: 35      XL:     25   Next: 11%
Magic:  1/30       EV: 20    Int:  1 (6)  God:    Okawaru [******]
Gold:   2525       SH: 20    Dex: 13 (14) Spells: 24/24 levels left

rFire   + . .        E - +8 mithril axe "Arga" {speed, Will+}
rCold   . . .        s - +2 kite shield {rN+}
rNeg    + . .        n - +9 plate armour "Fuavviu" {rF+}
rPois   .            P - +2 hat {Int+3}
rElec   .            S - +2 cloak {Will+}
rCorr   .            j - +2 pair of gloves
SInv    .            V - +2 pair of boots
Will    +++..        z - amulet "Lybreun" {Rampage Regen+} Stlth
                     e - +4 ring of protection
HPRegen 1.41/turn    a - +4 ring of protection
MPRegen 0.22/turn

%: rampage
@: lethally poisoned (-8 -> -9), about to teleport, heroic, slowed, studying
Throwing, invisible, very slow
A: horns 2, retaliatory headbutt, agile 1, deterioration 1, screaming 1, shaggy
fur 1, strong 1
}: 3/15 runes: decaying, silver, gossamer
a: Renounce Religion, Heroism, Finesse, Duel


You were on level 9 of a ziggurat.
You worshipped Okawaru.
Okawaru was exalted by your worship.
You visited 9 branches of the dungeon, and saw 43 of its levels.
You visited 1 ziggurat, and saw 9 of its levels.
You also visited: Ice Cave.

You collected 6478 gold pieces.
You spent 3953 gold pieces at shops.

Inventory:

Hand Weapons
 h - a +1 heavy broad axe
 E - the +8 mithril axe "Arga" (weapon) {speed, Will+}
   (You found it on level 7 of a ziggurat)

   Will+:     It increases your willpower.
 Z - a +3 broad axe of flaming
Missiles
 x - a throwing net
Armour
 j - a +2 pair of gloves (worn)
 n - the +9 plate armour "Fuavviu" (worn) {rF+}
   (Okawaru gifted it to you on level 5 of the Lair of Beasts)

   rF+:       It protects you from fire.
 s - a +2 kite shield of positive energy (worn)
 u - a +0 kite shield of cold resistance
 P - a +2 hat of intelligence (worn)
 S - a +2 cloak of willpower (worn)
 V - a +2 pair of boots (worn)
Jewellery
 a - a +4 ring of protection (right hand)
 d - a ring of poison resistance
 e - a +4 ring of protection (left hand)
 l - a ring of flight
 z - the amulet "Lybreun" (around neck) {Rampage Regen+}
   (You found it on level 3 of the Elven Halls)

   [amulet of regeneration]

   Regen+:    It increases your rate of health regeneration.
   Rampage:   It bestows one free step when moving towards enemies.
 D - a ring of see invisible
 H - a ring of resist corrosion
 L - a ring of protection from fire
Wands
 b - a wand of polymorph (23)
 k - a wand of flame (193)
 q - a wand of roots (79)
 r - a wand of mindburst (25)
 y - a wand of paralysis (48)
 N - a wand of light (44)
 U - a wand of digging (7)
Scrolls
 c - 6 scrolls of teleportation
 p - 8 scrolls of fog
 v - a scroll of silence
 w - 12 scrolls of immolation
 B - a scroll of fear
 G - 5 scrolls of revelation
Potions
 f - 4 potions of cancellation
 g - 8 potions of curing
 i - 3 potions of mutation
 m - 5 potions of haste
 o - 4 potions of magic
 t - 2 potions of resistance
 A - 8 potions of attraction
 C - 9 potions of lignification
 Q - a potion of invisibility
 R - 2 potions of might
 T - 4 potions of enlightenment
 W - 3 potions of ambrosia
 X - a potion of brilliance
 Y - 5 potions of berserk rage
Miscellaneous
 O - a tin of tremorstones (2/2)


   Skills:
 + Level 25.5(27) Fighting
 + Level 24.0(27) Axes
 + Level 23.6(27) Armour
 + Level 21.7(26.7) Dodging
 + Level 23.7(27) Shields
 - Level 10.8 Invocations


You had 24 spell levels left.
You didn't know any spells.
Your spell library contained the following spells:

 Spells                   Type           Power      Damage    Failure   Level
 Apportation              Tloc           0%         N/A       86%         1
 Freeze                   Ice            0%         1d3       86%         1
 Kiss of Death            Conj/Necr      0%         2d5       86%         1
 Necrotise                Necr           0%         1d4       86%         1
 Sandblast                Erth           0%         2d4       86%         1
 Shock                    Conj/Air       0%         1d3       86%         1
 Cigotuvi's Dreadful Rot  Necr/Pois/Air  0%         N/A       94%         2
 Ensorcelled Hibernation  Hex/Ice        0%         N/A       94%         2
 Passwall                 Tmut/Erth      0%         N/A       94%         2
 Poisonous Vapours        Pois/Air       0%         N/A       94%         2
 Scorch                   Fire           0%         2d5       94%         2
 Searing Ray              Conj           0%         2d4       94%         2
 Dazzling Flash           Conj/Hex       0%         N/A       99%         3
 Frozen Ramparts          Ice            0%         1d1       99%         3
 Gell's Gravitas          Tloc           0%         N/A       99%         3
 Hailstorm                Conj/Ice       0%         3d3       99%         3
 Mephitic Cloud           Conj/Pois/Air  0%         N/A       99%         3
 Ozocubu's Armour         Ice            0%         N/A       99%         3
 Portal Projectile        Hex/Tloc       0%         N/A       99%         3
 Stone Arrow              Conj/Erth      0%         3d7       99%         3
 Swiftness                Air            0%         N/A       99%         3
 Teleport Other           Tloc           0%         N/A       99%         3
 Vampiric Draining        Necr           0%         2d6       99%         3
 Vhi's Electric Charge    Tloc/Air       0%         N/A       99%         3
 Volatile Blastmotes      Fire/Tloc      0%         2d10      99%         3
 Airstrike                Air            0%         2d(0-16)  100%        4
 Anguish                  Hex/Necr       0%         N/A       100%        4
 Cause Fear               Hex            0%         N/A       100%        4
 Dispel Undead            Necr           0%         3d6       100%        4
 Flame Wave               Conj/Fire      0%         2d4       100%        4
 Fulminant Prism          Conj/Hex       0%         3d5       100%        4
 Iskenderun's Mystic Bla  Conj/Tloc      0%         2d3       100%        4
 Leda's Liquefaction      Hex/Erth       0%         N/A       100%        4
 Agony                    Necr           0%         N/A       100%        5
 Arcjolt                  Conj/Air       0%         1d10      100%        5
 Borgnjor's Vile Clutch   Necr/Erth      0%         N/A       100%        5
 Fireball                 Conj/Fire      0%         3d3       100%        5
 Freezing Cloud           Conj/Ice/Air   0%         6-21      100%        5
 Iskenderun's Battlesphe  Conj           0%         2d6       100%        5
 Metabolic Englaciation   Hex/Ice        0%         N/A       100%        5
 Silence                  Hex/Air        0%         N/A       100%        5
 Conjure Ball Lightning   Conj/Air       0%         3x3d6     100%        6
 Dispersal                Tloc           0%         N/A       100%        6
 Leda's Unmaking          Conj/Erth      0%         9d1       100%        6
 Starburst                Conj/Fire      0%         6d3       100%        6
 Enfeeble                 Hex            0%         N/A       100%        7
 Orb of Destruction       Conj           0%         9d5       100%        7
 Maxwell's Capacitive Co  Air            0%         ∞         100%        8
 Chain Lightning          Conj/Air       0%         N/A       100%        9
 Fire Storm               Conj/Fire      0%         5d1       100%        9
 Shatter                  Erth           0%         3d5*      100%        9
 Summon Small Mammal      Summ           Unusable   N/A       N/A         1
 Call Canine Familiar     Summ           Unusable   N/A       N/A         3
 Summon Guardian Golem    Hex/Summ       Unusable   N/A       N/A         3
 Animate Dead             Necr           Unusable   N/A       N/A         4
 Summon Mana Viper        Hex/Summ       Unusable   N/A       N/A         5
 Death Channel            Necr           Unusable   N/A       N/A         6
 Simulacrum               Ice/Necr       Unusable   N/A       N/A         6
 Summon Cactus Giant      Summ           Unusable   N/A       N/A         6
 Haunt                    Necr/Summ      Unusable   N/A       N/A         7
 Malign Gateway           Summ/Tloc      Unusable   N/A       N/A         7
 Dragon's Call            Summ           Unusable   N/A       N/A         9

Dungeon Overview and Level Annotations

Branches:
Dungeon (15/15)            Temple (1/1) D:7            Lair (5/5) D:10
  Swamp (4/4) Lair:3       Spider (4/4) Lair:2        Slime (0/5) Lair:4
    Orc (2/2) D:9             Elf (3/3) Orc:2        Vaults (5/5) D:14
  Crypt (0/3) Vaults:2     Depths (4/4) D:15            Zot (0/5) Depths:4
  IceCv (visited)

Altars:
Ashenzari
Cheibriados
Dithmenos
Elyvilon
Fedhas
Gozag
Hepliaklqana
Kikubaaqudgha
Makhleb
Nemelex Xobeh
Okawaru
Qazlal
Ru
Sif Muna
Trog
Uskayaw
Vehumet
Wu Jian
Xom
Yredelemnul
Zin
The Shining One
Jiyva
Lugonu

Shops:
D:3 !   D:10 (   D:11 :   Orc:2 !:*:   Elf:1 (   Elf:2 ?!   Vaults:3 !
Depths:2 *   Depths:4 [*

Portals:
Hell: Depths:1 Depths:2 Depths:3 Depths:4
Abyss: Depths:1 Depths:2 Depths:3
Pandemonium: Depths:1 Depths:2 Depths:4

Annotations:
D:10 2 runed translucent doors, qipq's ghost, amateur FeDe
Vaults:2 3 runed translucent doors, Ceba Yti's ghost, veteran GrFi
Vaults:3 3 runed translucent doors, Oshuy's ghost, adept GrFi
Depths:1 2 runed translucent doors, MainBain's ghost, adept MiBe
Zig:9 exclusion: 3 orange crystal statues


Innate Abilities, Weirdness & Mutations

You have a pair of horns on your head.
You reflexively headbutt those who attack you in melee.
You are agile. (Dex +4, Str/Int -1)
Your body sometimes deteriorates upon taking damage.
You occasionally shout uncontrollably at your foes.
You are covered in fur. (AC +1)
Your muscles are strong. (Str +4, Int/Dex -1)


Message History

The tainted leviathan attempts to bespell you!
You resist with almost no effort.
The orange crystal statue fixes its piercing gaze on you.
You feel dopey. Something feeds on your intellect!
The ice statue gestures at you. You block the shard of ice.
Unknown command.
You strike the helpless ice statue from behind!
You slash the ice statue!
You destroy the ice statue!
Okawaru accepts your kill.
You hit the Tzitzimitl. You slash the doom hound! You hit the doom hound.
You slash the doom hound! You slice the doom hound!!
You feel sick. The doom hound misses you. You block the doom hound's attack.
The Tzitzimitl engulfs you but does no damage.
The Tzitzimitl barely misses you. The doom hound bites you!
* * * LOW HITPOINT WARNING * * *
You block the doom hound's attack. The doom hound completely misses you.
You block the doom hound's attack.
Unknown command.
As you read the scroll of teleportation, it crumbles to dust.
You feel strangely unstable.
You feel sick. The doom hound bites you!!
* * * LOW HITPOINT WARNING * * *
The doom hound misses you. You block the doom hound's attack.
The doom hound claws you but does no damage.
You block the doom hound's attack. The doom hound barely misses you.
The orange crystal statue fixes its piercing gaze on you.
You feel dopey. Something feeds on your intellect!
You block the Tzitzimitl's attack.
The Tzitzimitl bites you but does no damage.
The doom hound closely misses you. You block the doom hound's attack.
The doom hound bites you but does no damage.
The doom hound claws you but does no damage.
The doom hound bites you but does no damage.
You block the doom hound's attack. The putrid mouth throws miasma at you.
The foul vapour engulfs the bone dragon.
The bone dragon completely resists.
The doom hound bites you!!
You die...

▓▓▓▓▓▓▓▓▓▓
▓▓.........
▓▓....D.h...
▓▓...○h°☼W2..
▓▓...h@DDC○8..
▓▓...°1hhD°§...
▓.∩...☼C1Z°☼°°.
▓▓....☼☼°°C°°..
▓▓.....8☼○D8W.
▓▓.....☼○○○..
▓▓..........
▓▓......°..
▓▓▓▓▓▓▓▓▓


You could see 5 bone dragons, 3 tainted leviathans, 5 doom hounds, 2
Tzitzimimeh, 3 orange crystal statues, 2 putrid mouths, a spectral tengu reaver
and a tormentor (summoned, unable to see you).

Vanquished Creatures
  A dread lich (Vaults:5)
  2 ancient liches (Vaults:5)
  Mara (Swamp:3)
  A pandemonium lord (Zig:8)
  Boris (twice) (Vaults:2 Vaults:4)
  Sojobo (Depths:1)
  Bai Suzhen (Vaults:2)
  Nikola (Vaults:1)
  2 bone dragons (Depths:4)
  2 golden dragons
  3 hellephants
  6 tentacled monstrosities
  A Hell Sentinel (Zig:8)
  Rupert (Lair:4)
  2 deep elf blademasters (Elf:3)
  A tainted leviathan (Zig:2)
  2 walking frostbound tomes (Depths:4)
  A lich (Vaults:5)
  2 quicksilver dragons (Vaults:5)
  2 deep elf master archers (Elf:3)
  8 titans
  4 sphinxes
  An acid blob (Zig:5)
  A tentacled starspawn (Zig:4)
  Gastronok (Orc:1)
  Frances (Elf:1)
  Kirke (Elf:1)
  4 shadow dragons
  An ancient champion (Depths:2)
  8 tengu reavers
  2 demonspawn warmongers (Zig:8)
  5 storm dragons
  3 thorn hunters
  4 revenants
  Aizul (Vaults:2)
  The ghost of Vuihagim the Severer, a journeyman HOFi of Beogh (Depths:4)
  4 emperor scorpions
  11 deep elf sorcerers
  3 fenstrider witches
  15 vault wardens
  2 iron dragons (Depths:4)
  9 fire giants
  4 frost giants
  A curse skull (Vaults:2)
  4 ghost moths
  A draconian shifter (Depths:4)
  4 deep elf elementalists
  An orc warlord (Vaults:4)
  4 spectral caustic shrikes (Depths:3)
  3 war gargoyles
  A draconian annihilator (Depths:4)
  A demonspawn corrupter (Zig:8)
  A quicksilver ooze (Zig:5)
  21 ironbound preservers
  36 very ugly things
  A broodmother (shapeshifter) (Vaults:5)
  14 stone giants
  4 formless jellyfish
  A broodmother (Spider:2)
  13 ironbound thunderhulks
  4 eleionomae
  2 lorocyprocas
  2 black draconians (Depths:4)
  8 deep elf annihilators
  2 green draconians (Depths:4)
  7 bunyips
  6 deep elf demonologists
  Azrael (Spider:3)
  2 white draconians (Depths:4)
  3 spark wasps
  15 dire elephants
  A purple draconian (Depths:4)
  A spark wasp (shapeshifter) (Vaults:5)
  An eidolon (Vaults:3)
  2 deep elf death magi
  13 ettins
  A fire dragon (shapeshifter) (Depths:3)
  Josephine (D:10)
  2 crystal guardians
  13 fire dragons
  A jiangshi (Vaults:2)
  16 yaktaur captains
  2 deep elf high priests (Elf:3)
  7 entropy weavers
  A shambling mangrove (Swamp:3)
  2 merfolk impalers (Zig:6)
  4 great orbs of eyes
  A hell beast (Zig:8)
  3 ice dragons
  2 peacekeepers
  40 vault guards
  21 hydras
  4 rakshasas
  2 ogre magi
  2 catoblepae
  A jorogumo (Spider:2)
  2 ghost crabs
  12 ironbound frosthearts
  15 boulder beetles
  7 alligators
  2 merfolk avatars (Zig:6)
  6 spriggan air magi
  An anaconda (shapeshifter) (Vaults:4)
  27 dancing weapons
  17 centaur warriors
  5 radroaches
  7 deep troll earth magi
  6 two-headed ogres
  6 tengu warriors
  6 spriggan berserkers
  2 deep troll shamans
  6 death yaks
  6 hell hogs (Depths:4)
  4 demonic crawlers
  A vampire mage (Depths:1)
  3 hell knights
  19 deep elf knights
  Urug (Lair:2)
  7 orc high priests
  Sonja (Lair:1)
  2 shadow wraiths
  2 sun moths
  2 skysharks
  A wretched star (Zig:4)
  9 pharaoh ants
  2 sea snakes (Zig:6)
  65 deep trolls
  7 iron trolls
  4 goliath frogs
  A death drake (shapeshifter) (Elf:2)
  12 orb spiders
  4 glowing orange brains
  13 swamp dragons
  A spectral hydra (Lair:3)
  A sea snake (shapeshifter) (Vaults:5)
  9 deep elf archers
  2 bog bodies
  2 obsidian statues
  4 wizards
  2 flayed ghosts
  An orange crystal statue (Zig:8)
  4 phantasmal warriors
  10 orc knights
  9 lindwurms
  2 large abominations
  7 steelbarb worms
  10 necromancers
  24 deep elf zephyrmancers
  A tengu zombie (Vaults:2)
  27 deep elf pyromancers
  A stone giant zombie (Vaults:2)
  A shining eye (Zig:5)
  18 ironbound convokers
  40 ugly things
  25 wolf spiders
  4 will-o-the-wisps
  An orc sorcerer (Elf:3)
  13 cyclopes
  A worldbinder (Zig:4)
  A frost giant skeleton (Vaults:1)
  A salamander (shapeshifter) (Vaults:4)
  10 manticores
  29 elephants
  6 moths of wrath
  A tengu skeleton (Vaults:2)
  A smoke demon (Depths:2)
  A merfolk siren (Zig:3)
  An eye of devastation (Zig:5)
  4 black mambas
  A moth of wrath (shapeshifter) (Vaults:5)
  22 vault sentinels
  6 ice statues
  6 torpor snails
  A molten gargoyle (Depths:1)
  Maggie (Lair:1)
  3 gargoyles
  12 cane toads
  A cane toad (shapeshifter) (Depths:2)
  2 unseen horrors (D:12)
  A hellion (Zig:2)
  13 komodo dragons
  2 freezing wraiths
  A rime drake (shapeshifter) (D:13)
  7 rime drakes
  28 yaktaurs
  An ice devil (Depths:2)
  4 kobold demonologists
  4 tengu conjurers
  A queen bee (shapeshifter) (Elf:1)
  5 trolls
  A tormentor (Zig:8)
  A yaktaur skeleton (Vaults:2)
  2 efreet
  9 meliai
  7 merfolk (Zig:6)
  A wind drake (Zig:3)
  12 tyrant leeches
  A spectral elephant (Lair:3)
  6 hornets
  A tarantella (shapeshifter) (Vaults:5)
  44 tarantellas
  30 blink frogs
  A spectral dream sheep (Lair:3)
  18 dream sheep
  22 jumping spiders
  2 snapping turtles
  43 slime creatures
  An air elemental (Elf:2)
  A shadow (D:11)
  A centaur simulacrum (D:14)
  A water elemental (Elf:1)
  6 spriggans
  4 wyverns
  A dire elephant simulacrum (IceCv)
  2 elf skeletons
  30 culicivoras
  A vampire (D:11)
  4 humans (Elf:1)
  An ettin skeleton (Vaults:1)
  41 yaks
  5 fire elementals
  A death yak simulacrum (IceCv)
  Grum (Lair:1)
  8 basilisks
  A neqoxec (Depths:2)
  3 vampire mosquitoes
  46 redbacks
  7 steam dragons
  A chaos spawn (Depths:2)
  6 wraiths
  2 wargs
  A harpy simulacrum (IceCv)
  3 acid dragons (Lair:5)
  15 swamp worms
  An ogre skeleton (Vaults:1)
  16 water moccasins
  4 hell hounds (Spider:3)
  2 floating eyes (Depths:2)
  2 black bears
  10 swamp drakes
  31 orc warriors
  A spectral blink frog (Lair:3)
  A sky beast (D:7)
  A spectral torpor snail (Lair:3)
  3 elephant zombies (Lair:4)
  7 ogres
  18 wolves
  7 centaurs
  An elf zombie (Elf:1)
  3 komodo dragon zombies (Lair:4)
  2 kobold brigands
  A phantom (D:6)
  18 bullfrogs
  An earth elemental (Elf:1)
  4 gnoll sergeants
  3 human skeletons
  4 scorpions
  A cane toad simulacrum (IceCv)
  3 wights (D:7)
  An elephant simulacrum (IceCv)
  4 howler monkeys
  4 electric eels
  A lava snake (Swamp:4)
  A centaur zombie (D:8)
  A hound (D:5)
  A human simulacrum (Vaults:2)
  2 jellies
  28 orc priests
  2 sleepcaps
  4 iguanas
  14 orc wizards
  2 polar bear simulacra (IceCv)
  A killer bee zombie (D:8)
  2 wolf simulacra (IceCv)
  23 gnolls
  6 adders
  A river rat (D:10)
  4 shadow imps
  A white imp (D:8)
  2 ufetubi
  6 dart slugs
  59 orcs
  5 ball pythons
  6 bats
  7 endoplasms
  3 giant cockroaches
  8 goblins
  7 hobgoblins
  8 jackals
  6 quokkas
  2 frilled lizards (D:1)
  13 kobolds
  8 rats
  3 starspawn tentacles (Zig:4)
1912 creatures vanquished.

Vanquished Creatures (others)
  A demonspawn warmonger (Zig:8)
  A fire giant (Depths:2)
  A deep elf high priest (Elf:3)
  A vault guard (Vaults:5)
  An ironbound frostheart (Vaults:2)
  2 deep elf zephyrmancers (Elf:1)
  A deep elf pyromancer (Elf:1)
  A hellion (Zig:8)
  2 bloated husks (Swamp:3)
  A tarantella (Spider:4)
  3 steam dragons (Swamp:4)
  A swamp drake (Swamp:4)
  11 foxfires
  A starspawn tentacle (Zig:4)
28 creatures vanquished.

Grand Total: 1940 creatures vanquished

Notes
Turn   | Place    | Note
-------+----------+-------------------------------------------
     0 | D:1      | Iter the Minotaur Fighter began the quest for the Orb.
     0 | D:1      | Reached XP level 1. HP: 19/19 MP: 0/0
    86 | D:1      | Reached XP level 2. HP: 27/27 MP: 1/1
   187 | D:1      | Got the Spellbook of the Faeries
   347 | D:1      | Reached skill level 1 in Dodging
   353 | D:1      | Reached skill level 4 in Fighting
   353 | D:1      | Reached XP level 3. HP: 27/33 MP: 2/2
   435 | D:1      | Gained mutation: You are dopey. (Int -2) [potion of
                  | mutation]
   435 | D:1      | Gained mutation: You have an increased reservoir of magic.
                  | (+10% MP) [potion of mutation]
   770 | D:2      | Identified the +9 mace of Accidental Termination {speed,
                  | rPois Int+2}
  1009 | D:2      | Reached XP level 4. HP: 40/40 MP: 3/3
  1568 | D:3      | Found Caddepe's Distillery.
  1571 | D:3      | Bought a potion of curing for 30 gold pieces
  1618 | D:3      | Found a faded altar of an unknown god.
  2059 | D:4      | Noticed a scorpion
  2060 | D:4      | Killed a scorpion
  2061 | D:4      | Reached XP level 5. HP: 47/47 MP: 4/4
  2561 | D:5      | Entered Level 5 of the Dungeon
  2600 | D:5      | Reached XP level 6. HP: 55/55 MP: 5/5
  2643 | D:5      | Reached skill level 5 in Armour
  2727 | D:5      | Reached skill level 5 in Fighting
  2761 | D:5      | Reached skill level 5 in Shields
  2855 | D:5      | Found an ancient bone altar of Kikubaaqudgha.
  3125 | D:5      | Found a glowing golden altar of the Shining One.
  3132 | D:5      | Reached XP level 7. HP: 61/61 MP: 6/6
  3738 | D:6      | Reached skill level 5 in Axes
  3830 | D:6      | Reached skill level 6 in Fighting
  4086 | D:6      | Reached XP level 8. HP: 66/70 MP: 7/7
  4295 | D:6      | Found a shimmering altar of Xom.
  4297 | D:6      | Found a sacrificial altar of Ru.
  4297 | D:6      | Found a hazy altar of Hepliaklqana.
  4299 | D:6      | Found a shimmering altar of Xom.
  4299 | D:6      | Found an iron altar of Okawaru.
  4299 | D:6      | Found a basalt altar of Yredelemnul.
  4361 | D:6      | Found a broken altar of Ashenzari.
  4665 | D:7      | Found a staircase to the Ecumenical Temple.
  4665 | D:7      | Noticed a manticore
  4680 | D:7      | Killed a manticore
  4681 | D:7      | Reached skill level 7 in Fighting
  4681 | D:7      | Reached skill level 5 in Dodging
  4832 | Temple   | Entered the Ecumenical Temple
  4857 | Temple   | Became a worshipper of Warmaster Okawaru
  5415 | D:7      | Reached XP level 9. HP: 77/79 MP: 8/8
  5510 | D:7      | Noticed a gargoyle
  5515 | D:7      | Killed a gargoyle
  5695 | D:8      | Reached * piety under Okawaru
  5743 | D:7      | Reached skill level 8 in Fighting
  5946 | D:8      | Reached ** piety under Okawaru
  6255 | D:8      | Reached XP level 10. HP: 90/90 MP: 10/10
  6344 | D:8      | Found a basalt altar of Yredelemnul.
  6811 | D:9      | Found a staircase to the Orcish Mines.
  6819 | D:9      | Found a stormy altar of Qazlal.
  6843 | D:9      | Found a glowing silver altar of Zin.
  6845 | D:9      | Found a snail-covered altar of Cheibriados.
  6845 | D:9      | Found a blossoming altar of Fedhas.
  6847 | D:9      | Found a hide-covered altar of Uskayaw.
  6848 | D:9      | Found a burning altar of Makhleb.
  6906 | D:9      | Found a shimmering blue altar of Sif Muna.
  6962 | D:9      | Reached *** piety under Okawaru
  6974 | D:9      | Reached skill level 9 in Fighting
  7273 | D:10     | Entered Level 10 of the Dungeon
  7273 | D:10     | Noticed qipq's ghost (amateur FeDe)
  7273 | D:10     | Found a large runed translucent door.
  7273 | D:10     | Found a large runed translucent door.
  7356 | D:10     | Found Wisac's Weapon Shoppe.
  7565 | D:10     | Reached **** piety under Okawaru
  7650 | D:10     | Noticed Josephine
  7668 | D:10     | Killed Josephine
  7809 | D:10     | Found a staircase to the Lair.
  7810 | D:10     | Noticed a death yak
  7810 | D:10     | Noticed a death yak
  7810 | D:10     | Noticed a death yak
  7839 | D:10     | Killed a death yak
  7840 | D:10     | Reached XP level 11. HP: 58/99 MP: 8/11
  7843 | D:10     | Killed a death yak
  7844 | D:10     | Reached skill level 10 in Fighting
  7844 | D:10     | Reached skill level 10 in Armour
  7844 | D:10     | Reached skill level 10 in Shields
  7855 | D:10     | Killed a death yak
  7858 | D:10     | Reached ***** piety under Okawaru
  8125 | D:10     | Found a radiant altar of Vehumet.
  8695 | D:11     | Found an ancient bone altar of Kikubaaqudgha.
  8702 | D:11     | Noticed a centaur warrior
  8710 | D:11     | Killed a centaur warrior
  8711 | D:11     | Reached skill level 10 in Axes
  8942 | D:11     | Noticed a boulder beetle
  8963 | D:11     | Killed a boulder beetle
  9030 | D:11     | Noticed a two-headed ogre
  9038 | D:11     | Killed a two-headed ogre
  9102 | D:11     | Found Piavoegu's Book Boutique.
  9821 | D:12     | Reached skill level 11 in Fighting
 10037 | D:12     | Noticed a deep elf pyromancer
 10059 | D:12     | Killed a deep elf pyromancer
 10251 | D:12     | Reached XP level 12. HP: 82/110 MP: 12/12
 10258 | D:12     | Received a gift from Okawaru
 10260 | D:12     | Gained mutation: You occasionally shout uncontrollably at
                  | your foes. [a neqoxec]
 10694 | D:12     | Noticed a boulder beetle
 10728 | D:12     | Killed a boulder beetle
 10968 | D:13     | Noticed a six-headed hydra
 10974 | D:13     | Noticed a centaur warrior
 10980 | D:13     | Killed a centaur warrior
 10985 | D:13     | Killed a six-headed hydra
 10985 | D:13     | Reached ****** piety under Okawaru
 10986 | D:13     | Reached skill level 10 in Dodging
 11000 | D:13     | Identified the +0 scale mail of Noreunal {rF+} (Okawaru
                  | gifted it to you on level 13 of the Dungeon)
 11000 | D:13     | Received a gift from Okawaru
 11215 | D:13     | Noticed a boulder beetle
 11243 | D:13     | Killed a boulder beetle
 11384 | D:13     | Noticed a five-headed hydra
 11394 | D:13     | Killed a five-headed hydra
 11565 | D:13     | Noticed a centaur warrior
 12011 | D:13     | Reached skill level 12 in Fighting
 12214 | D:13     | Killed a centaur warrior
 12995 | D:14     | Noticed a centaur warrior
 13000 | D:14     | Killed a centaur warrior
 13304 | D:14     | Noticed a centaur warrior
 13305 | D:14     | Noticed an ironbound preserver
 13318 | D:14     | Killed a centaur warrior
 13319 | D:14     | Reached XP level 13. HP: 112/119 MP: 13/13
 13345 | D:14     | Killed an ironbound preserver
 13345 | D:14     | Identified the +2 chain mail "Taqecylu" {Stlth+} (Okawaru
                  | gifted it to you on level 14 of the Dungeon)
 13345 | D:14     | Received a gift from Okawaru
 13519 | D:14     | Found a gate to the Vaults.
 14305 | D:14     | Reached skill level 13 in Fighting
 14993 | Lair:1   | Entered Level 1 of the Lair of Beasts
 15007 | Lair:1   | Noticed Maggie
 15025 | Lair:1   | Killed Maggie
 15713 | Lair:1   | Found a frozen archway.
 15722 | IceCv    | Entered an ice cave
 15736 | IceCv    | Received a gift from Okawaru
 16283 | IceCv    | Identified the +4 sling of Bezxel {drain, Str+2}
 16482 | Lair:1   | Noticed Sonja
 16493 | Lair:1   | Killed Sonja
 16494 | Lair:1   | Reached XP level 14. HP: 130/130 MP: 14/14
 16725 | Lair:1   | Noticed Grum
 16745 | Lair:1   | Killed Grum
 17227 | Lair:2   | Noticed Urug
 17237 | Lair:2   | Killed Urug
 17237 | Lair:2   | Received a gift from Okawaru
 17516 | Lair:2   | Found a hole to the Spider Nest.
 17729 | Lair:2   | Reached skill level 14 in Fighting
 19180 | Lair:3   | Found a staircase to the Swamp.
 19235 | Lair:3   | Received a gift from Okawaru
 19774 | Lair:4   | Noticed Rupert
 19784 | Lair:4   | Paralysed by Rupert for 5 turns
 19799 | Lair:4   | Killed Rupert
 20290 | Lair:4   | Found a staircase to the Slime Pits.
 20317 | Lair:4   | Reached XP level 15. HP: 139/139 MP: 15/15
 20924 | Lair:5   | Entered Level 5 of the Lair of Beasts
 20937 | Lair:5   | Reached skill level 15 in Shields
 20941 | Lair:5   | Reached skill level 15 in Armour
 21080 | Lair:5   | Reached skill level 15 in Fighting
 21416 | Lair:5   | Identified the +1 falchion "Woamaa" {holy, rN+}
 21773 | Lair:5   | Reached skill level 15 in Axes
 21776 | Lair:5   | Identified the +9 plate armour "Fuavviu" {rF+} (Okawaru
                  | gifted it to you on level 5 of the Lair of Beasts)
 21776 | Lair:5   | Received a gift from Okawaru
 22806 | Orc:1    | Entered Level 1 of the Orcish Mines
 22996 | Orc:1    | Noticed Gastronok
 23015 | Orc:1    | Killed Gastronok
 23179 | Orc:2    | Entered Level 2 of the Orcish Mines
 23549 | Orc:2    | Found a staircase to the Elven Halls.
 23954 | Orc:2    | Reached skill level 1 in Invocations
 24385 | Orc:2    | Found Goes's Distillery.
 24388 | Orc:2    | Found Gemaps's Assorted Antiques.
 24389 | Orc:2    | Found Hapo's Book Emporium.
 24390 | Orc:2    | Found Sueva's Book Shoppe.
 24397 | Orc:2    | Bought a potion of invisibility for 96 gold pieces
 24397 | Orc:2    | Bought a potion of heal wounds for 60 gold pieces
 24397 | Orc:2    | Bought a potion of might for 48 gold pieces
 24397 | Orc:2    | Bought a potion of might for 48 gold pieces
 24397 | Orc:2    | Bought a potion of haste for 120 gold pieces
 24397 | Orc:2    | Bought a potion of mutation for 96 gold pieces
 24397 | Orc:2    | Bought a potion of enlightenment for 60 gold pieces
 24399 | Orc:2    | Bought a manual of Fighting for 1040 gold pieces
 24401 | Orc:2    | Lost mutation: You are dopey. (Int -2) [potion of mutation]
 24401 | Orc:2    | Lost mutation: You have an increased reservoir of magic.
                  | (+10% MP) [potion of mutation]
 24401 | Orc:2    | Gained mutation: A frigid envelope surrounds you and
                  | freezes all who hurt you. [potion of mutation]
 24401 | Orc:2    | Gained mutation: You are frail. (-10% HP) [potion of
                  | mutation]
 24401 | Orc:2    | Gained mutation: You have sharp toenails. [potion of
                  | mutation]
 24600 | D:3      | Bought 2 potions of might for 80 gold pieces
 24600 | D:3      | Bought a potion of heal wounds for 50 gold pieces
 24600 | D:3      | Bought a potion of invisibility for 80 gold pieces
 24600 | D:3      | Bought a potion of curing for 30 gold pieces
 24600 | D:3      | Bought 2 potions of might for 80 gold pieces
 24600 | D:3      | Bought a potion of heal wounds for 50 gold pieces
 24600 | D:3      | Bought a potion of might for 40 gold pieces
 24803 | D:15     | Entered Level 15 of the Dungeon
 24949 | D:15     | Reached skill level 5 in Invocations
 24962 | D:15     | Received a gift from Okawaru
 25232 | D:15     | Reached XP level 16. HP: 135/135 MP: 19/19
 25363 | D:15     | Received a gift from Okawaru
 25602 | D:15     | Found a staircase to the Depths.
 25837 | Spider:1 | Entered Level 1 of the Spider Nest
 26061 | Spider:1 | Received a gift from Okawaru
 26176 | Spider:1 | Reached skill level 10 in Invocations
 27099 | Spider:2 | Identified the +7 dagger "Nuurutt" {pain, rPois rC+}
                  | (Okawaru gifted it to you on level 2 of the Spider Nest)
 27099 | Spider:2 | Received a gift from Okawaru
 27119 | Spider:2 | Reached skill level 16 in Fighting
 27805 | Spider:2 | You fall into a shaft and drop 1 floor!
 28079 | Spider:3 | Identified the +1 ring mail of Kuysoydi {*Slow rPois rC+
                  | rN+} (Okawaru gifted it to you on level 3 of the Spider
                  | Nest)
 28079 | Spider:3 | Received a gift from Okawaru
 28231 | Spider:3 | Noticed Azrael
 28265 | Spider:3 | Killed Azrael
 28266 | Spider:3 | Reached XP level 17. HP: 84/144 MP: 24/24
 28540 | Spider:3 | Reached skill level 17 in Fighting
 28575 | Spider:3 | HP: 2/144 [culicivora (8)]
 29635 | Swamp:1  | Entered Level 1 of the Swamp
 30184 | Swamp:1  | Identified the +9 long sword "Pesus" {venom, rPois Int+4
                  | SInv} (Okawaru gifted it to you on level 1 of the Swamp)
 30184 | Swamp:1  | Received a gift from Okawaru
 30251 | Swamp:1  | Reached skill level 15 in Dodging
 31062 | Swamp:2  | Reached skill level 18 in Fighting
 32200 | Swamp:3  | Noticed Mara
 32204 | Swamp:3  | Noticed Iter's illusion
 32222 | Swamp:3  | Killed Mara
 32222 | Swamp:3  | Identified the +0 scale mail "Piulono" {rC- rN+ Dex+2}
                  | (Okawaru gifted it to you on level 3 of the Swamp)
 32222 | Swamp:3  | Received a gift from Okawaru
 32529 | Swamp:4  | Entered Level 4 of the Swamp
 32921 | Swamp:4  | Reached XP level 18. HP: 91/156 MP: 25/25
 33409 | Swamp:4  | Reached skill level 19 in Fighting
 33720 | Swamp:4  | Got a decaying rune of Zot
 34055 | Spider:4 | Entered Level 4 of the Spider Nest
 34421 | Spider:4 | Identified the +4 halberd of Xom {freeze, Int+5}
 34588 | Spider:4 | Identified the +0 pair of gloves of Nilomn {Will+ Int+4
                  | Stlth-} (Okawaru gifted it to you on level 4 of the Spider
                  | Nest)
 34588 | Spider:4 | Received a gift from Okawaru
 34954 | Spider:4 | Lost mutation: You are frail. (-10% HP) [potion of
                  | mutation]
 34954 | Spider:4 | Lost mutation: You have sharp toenails. [potion of
                  | mutation]
 34954 | Spider:4 | Gained mutation: Your muscles are strong. (Str +4, Int/Dex
                  | -1) [potion of mutation]
 34954 | Spider:4 | Gained mutation: Armour fits poorly on your strangely
                  | shaped body. [potion of mutation]
 34954 | Spider:4 | Gained mutation: You are agile. (Dex +4, Str/Int -1)
                  | [potion of mutation]
 34954 | Spider:4 | Gained mutation: You are somewhat resistant to further
                  | mutation. [potion of mutation]
 36137 | Spider:4 | Got a gossamer rune of Zot
 36463 | Vaults:1 | Entered Level 1 of the Vaults
 36493 | Vaults:1 | Reached skill level 20 in Fighting
 36879 | Elf:1    | Entered Level 1 of the Elven Halls
 37184 | Elf:1    | Noticed Frances
 37190 | Elf:1    | HP: 6/178 [something (7)]
 37498 | Elf:1    | Identified the -2 pair of gloves "Zups" {Drain rC+ rN+++}
                  | (Okawaru gifted it to you on level 1 of the Elven Halls)
 37498 | Elf:1    | Received a gift from Okawaru
 37733 | Elf:1    | Noticed Kirke
 37744 | Elf:1    | Killed Kirke
 37854 | Elf:1    | Got the Catalogue of Outbursts
 37894 | Elf:1    | Killed Frances
 38065 | Elf:1    | Found Fioqodd's Weapon Boutique.
 38760 | Elf:1    | Got Kikubaaqudgha's Verses on Ectoplasm
 39020 | Elf:2    | Found Vitaf's Distillery.
 39026 | Elf:2    | Bought a potion of brilliance for 76 gold pieces
 39026 | Elf:2    | Bought a potion of invisibility for 152 gold pieces
 39026 | Elf:2    | Bought a potion of berserk rage for 95 gold pieces
 39026 | Elf:2    | Bought a potion of berserk rage for 95 gold pieces
 39026 | Elf:2    | Bought a potion of berserk rage for 95 gold pieces
 39026 | Elf:2    | Bought a potion of heal wounds for 95 gold pieces
 39075 | Elf:2    | Reached XP level 19. HP: 180/185 MP: 26/26
 39420 | Elf:2    | Found Mitoffiloe's Magic Scroll Shop.
 39428 | Elf:2    | Bought a scroll of fear for 44 gold pieces
 39428 | Elf:2    | Bought a scroll of immolation for 44 gold pieces
 39428 | Elf:2    | Bought a scroll of blinking for 82 gold pieces
 39428 | Elf:2    | Bought a scroll of teleportation for 33 gold pieces
 39743 | Elf:2    | Found a runed translucent gate.
 39747 | Elf:2    | Found a runed translucent gate.
 39747 | Elf:2    | Found a runed translucent gate.
 39917 | Elf:2    | Paralysed by an air elemental for 1 turns
 40205 | Elf:3    | Entered Level 3 of the Elven Halls
 40220 | Elf:2    | Reached skill level 21 in Fighting
 40224 | Elf:2    | Found a shimmering blue altar of Sif Muna.
 40729 | Vaults:1 | Received a gift from Okawaru
 41961 | Vaults:1 | Received a gift from Okawaru
 42330 | Vaults:2 | Noticed Nikola
 42564 | Vaults:1 | Killed Nikola
 42930 | Vaults:2 | Noticed Aizul
 42951 | Vaults:2 | Killed Aizul
 43649 | Vaults:2 | Found a runed translucent gate.
 43649 | Vaults:2 | Found a runed translucent gate.
 43649 | Vaults:2 | Found a runed translucent gate.
 43649 | Vaults:2 | Noticed Ceba Yti's ghost (veteran GrFi)
 43653 | Vaults:2 | Found a viscous altar of Jiyva.
 43687 | Vaults:2 | Noticed Boris
 44160 | Vaults:2 | Reached XP level 20. HP: 186/200 MP: 27/27
 44175 | Vaults:2 | Identified a scroll of acquirement
 44175 | Vaults:2 | Acquired a +2 broad axe of distortion
 44250 | Vaults:2 | Noticed Bai Suzhen
 44260 | Vaults:2 | Killed Bai Suzhen
 44401 | Vaults:2 | Killed Boris
 44496 | Vaults:2 | Reached XP level 21. HP: 206/206 MP: 28/28
 44665 | Vaults:2 | Found a staircase to the Crypt.
 45298 | Vaults:2 | Lost mutation: Your muscles are strong. (Str +4, Int/Dex
                  | -1) [potion of mutation]
 45298 | Vaults:2 | Lost mutation: You occasionally shout uncontrollably at
                  | your foes. [potion of mutation]
 45366 | Vaults:3 | Reached skill level 22 in Fighting
 45412 | Vaults:3 | Identified the +1 robe "Gaptal" {+Blink rN+} (Okawaru
                  | gifted it to you on level 3 of the Vaults)
 45412 | Vaults:3 | Received a gift from Okawaru
 46404 | Vaults:3 | Lost mutation: You are somewhat resistant to further
                  | mutation. [potion of mutation]
 46404 | Vaults:3 | Lost mutation: You are agile. (Dex +4, Str/Int -1) [potion
                  | of mutation]
 46404 | Vaults:3 | Gained mutation: You occasionally lose the ability to read
                  | scrolls when taking damage. [potion of mutation]
 46404 | Vaults:3 | Gained mutation: You have a pair of large horns on your
                  | head. [potion of mutation]
 46404 | Vaults:3 | Gained mutation: Potions are less effective at restoring
                  | your health. [potion of mutation]
 46443 | Vaults:3 | Found a runed translucent gate.
 46443 | Vaults:3 | Found a runed translucent gate.
 46443 | Vaults:3 | Found a runed translucent gate.
 46444 | Vaults:3 | Noticed Oshuy's ghost (adept GrFi)
 47190 | Vaults:3 | Found Poxuv's Distillery.
 47198 | Vaults:3 | Bought a potion of heal wounds for 75 gold pieces
 47198 | Vaults:3 | Bought 2 potions of mutation for 240 gold pieces
 47198 | Vaults:3 | Bought 2 potions of curing for 90 gold pieces
 47198 | Vaults:3 | Bought a potion of enlightenment for 75 gold pieces
 47198 | Vaults:3 | Bought a potion of curing for 45 gold pieces
 47198 | Vaults:3 | Lost mutation: You occasionally lose the ability to read
                  | scrolls when taking damage. [potion of mutation]
 47198 | Vaults:3 | Lost mutation: You have a pair of large horns on your head.
                  | [potion of mutation]
 47198 | Vaults:3 | Gained mutation: You are agile. (Dex +4, Str/Int -1)
                  | [potion of mutation]
 47198 | Vaults:3 | Gained mutation: Your natural rate of healing is unusually
                  | fast. [potion of mutation]
 47199 | Vaults:3 | Lost mutation: Armour fits poorly on your strangely shaped
                  | body. [potion of mutation]
 47199 | Vaults:3 | Lost mutation: Your natural rate of healing is unusually
                  | fast. [potion of mutation]
 47199 | Vaults:3 | Lost mutation: Potions are less effective at restoring your
                  | health. [potion of mutation]
 47199 | Vaults:3 | Lost mutation: A frigid envelope surrounds you and freezes
                  | all who hurt you. [potion of mutation]
 47199 | Vaults:3 | Gained mutation: You occasionally lose the ability to read
                  | scrolls when taking damage. [potion of mutation]
 47199 | Vaults:3 | Gained mutation: You are weak. (Str -2) [potion of
                  | mutation]
 47900 | Vaults:4 | Identified the +0 robe of Apathy {rN+ rCorr Int+3} (Okawaru
                  | gifted it to you on level 4 of the Vaults)
 47900 | Vaults:4 | Received a gift from Okawaru
 48202 | Vaults:4 | Paralysed by a great orb of eyes for 3 turns
 48309 | Vaults:4 | Reached XP level 22. HP: 143/217 MP: 29/29
 48397 | Vaults:4 | Noticed Boris
 48446 | Vaults:4 | Killed Boris
 48852 | Vaults:4 | Lost mutation: You occasionally lose the ability to read
                  | scrolls when taking damage. [potion of mutation]
 48852 | Vaults:4 | Lost mutation: You are weak. (Str -2) [potion of mutation]
 48852 | Vaults:4 | Gained mutation: You are frail. (-10% HP) [potion of
                  | mutation]
 48852 | Vaults:4 | Gained mutation: You expend magic power (3 MP) to
                  | strengthen your wands. [potion of mutation]
 49009 | Vaults:4 | Identified the +10 scale mail of Misanthropy {Str+2}
 49990 | Elf:3    | Paralysed by an orc sorcerer for 4 turns
 50050 | Elf:3    | Identified the staff of Devotion {rPois rN+ Poison}
 50581 | Elf:3    | Reached skill level 23 in Fighting
 50836 | Elf:3    | Identified the +0 chain mail "Qeuxaz" {rElec} (Okawaru
                  | gifted it to you on level 3 of the Elven Halls)
 50836 | Elf:3    | Received a gift from Okawaru
 51523 | Elf:3    | Identified the +5 great sword of the Hero {antimagic,
                  | Contam rElec rPois}
 51562 | Elf:3    | Identified the +1 mace "Juir" {freeze, rPois rF- rC++ SInv}
 51563 | Elf:3    | Identified the +2 helmet "Pavaid" {rC+}
 51567 | Elf:3    | Identified the +0 chain mail "Ojogoph" {+Blink rF- rN+++
                  | Dex-4}
 51570 | Elf:3    | Identified the amulet "Lybreun" {Rampage Regen+}
 51611 | Elf:3    | Identified the +2 morningstar of the Shark {freeze, rF- rN+
                  | Dex+5}
 52152 | Vaults:5 | Entered Level 5 of the Vaults
 52714 | Vaults:5 | Noticed an ancient lich
 52750 | Vaults:5 | HP: 7/190 [something/crystal spear (91)]
 52872 | Vaults:5 | Killed an ancient lich
 52912 | Vaults:5 | Identified the staff "Egisyuf" {Drain rPois Str-5 Int+7
                  | SInv Poison}
 52924 | Vaults:5 | Got The Highest Levels of the Occult Arts
 52928 | Vaults:5 | Identified the +2 robe of Yschyka {Dex+5}
 52969 | Vaults:5 | Identified the +0 chain mail of Immorality {Harm rN+ Int-3
                  | Dex+3} (Okawaru gifted it to you on level 5 of the Vaults)
 52969 | Vaults:5 | Received a gift from Okawaru
 53202 | Vaults:5 | Noticed a dread lich
 53202 | Vaults:5 | Noticed a golden dragon
 53425 | Vaults:5 | Killed a golden dragon
 53447 | Vaults:5 | Reached XP level 23. HP: 113/204 MP: 30/30
 53652 | Vaults:5 | Noticed an ancient lich
 53663 | Vaults:5 | Killed an ancient lich
 53690 | Vaults:5 | Lost mutation: You are frail. (-10% HP) [potion of
                  | mutation]
 53690 | Vaults:5 | Lost mutation: You expend magic power (3 MP) to strengthen
                  | your wands. [potion of mutation]
 53690 | Vaults:5 | Gained mutation: Your muscles are strong. (Str +4, Int/Dex
                  | -1) [potion of mutation]
 53933 | Vaults:5 | Found the +6 Majin-Bo {spellvamp, MP+6 Int+6}
 53943 | Vaults:5 | Identified the +3 war axe of the Several Scars {flame,
                  | Dex+5}
 53956 | Vaults:5 | Got the Spellbook of Power
 54449 | Vaults:5 | Reached skill level 24 in Fighting
 54453 | Vaults:5 | Identified the +6 great mace of Esag {flame, rElec Int-5
                  | Stlth+}
 54556 | Vaults:5 | Got a silver rune of Zot
 54574 | Vaults:5 | Received a gift from Okawaru
 54616 | Vaults:5 | Killed a dread lich
 56213 | Depths:1 | Entered Level 1 of the Depths
 56215 | Depths:1 | Found a radiant altar of Vehumet.
 56221 | Depths:1 | Found a one-way gate leading to the halls of Pandemonium.
 56224 | Depths:1 | Received a gift from Okawaru
 56241 | Depths:1 | Noticed Sojobo
 56258 | Depths:1 | Killed Sojobo
 56533 | Depths:1 | Found a large runed translucent door.
 56533 | Depths:1 | Found a large runed translucent door.
 56572 | Depths:1 | Found a one-way gate to the infinite horrors of the Abyss.
 56622 | Depths:1 | Found a one-way gateway to a ziggurat.
 56893 | Depths:1 | Noticed MainBain's ghost (adept MiBe)
 56931 | Depths:1 | Found a gateway to Hell.
 57105 | Depths:2 | Found a white marble altar of Elyvilon.
 57152 | Depths:2 | Paralysed by a floating eye for 4 turns
 57168 | Depths:2 | Found a corrupted altar of Lugonu.
 57426 | Depths:2 | Found a stormy altar of Qazlal.
 57444 | Depths:2 | Found Big Baal Hell's Store.
 57451 | Depths:2 | Reached XP level 24. HP: 239/239 MP: 30/30
 57823 | Depths:2 | Identified the +0 crystal plate armour of Foost {Harm}
                  | (Okawaru gifted it to you on level 2 of the Depths)
 57823 | Depths:2 | Received a gift from Okawaru
 57854 | Depths:2 | Paralysed by a floating eye for 3 turns
 57892 | Depths:2 | Identified the +5 ring mail "Walewor" {rN+ SInv Stlth-}
 57983 | Depths:2 | Gained mutation: You occasionally shout uncontrollably at
                  | your foes. [a neqoxec]
 59159 | Depths:4 | Entered Level 4 of the Depths
 59159 | Depths:4 | Found Virheron's Antique Armour Shop.
 59517 | Depths:4 | Reached skill level 25 in Fighting
 60067 | Depths:4 | Found a gate to the Realm of Zot.
 60222 | Depths:4 | Found a runed translucent gate.
 60255 | Depths:4 | Found a runed translucent gate.
 60255 | Depths:4 | Found an opulent altar of Gozag.
 60263 | Depths:4 | Found a runed translucent gate.
 60264 | Depths:4 | Found Kiplanki's Assorted Antiques.
 60266 | Depths:4 | Noticed Vuihagim's ghost (journeyman HOFi)
 60279 | Depths:4 | Identified the +2 robe of Parlour Games {Harm +Inv Regen+
                  | Str-4} (Okawaru gifted it to you on level 4 of the Depths)
 60279 | Depths:4 | Received a gift from Okawaru
 60282 | Depths:4 | Killed Vuihagim's ghost
 60316 | Depths:4 | Bought a pair of crude gloves for 399 gold pieces
 60316 | Depths:4 | Identified the +2 pair of gloves of Lugonu's Supremacy
                  | {Harm rPois Will+ Dex-4} (You bought it in a shop on level
                  | 4 of the Depths)
 60316 | Depths:4 | Bought a potion of berserk rage for 210 gold pieces
 60902 | Zig:1    | Entered Level 1 of a ziggurat
 60925 | Zig:2    | Entered Level 2 of a ziggurat
 61011 | Zig:3    | Entered Level 3 of a ziggurat
 61039 | Zig:4    | Entered Level 4 of a ziggurat
 61079 | Zig:5    | Entered Level 5 of a ziggurat
 61084 | Zig:5    | Gained mutation: You are covered in fur. (AC +1) [a shining
                  | eye]
 61094 | Zig:5    | Gained mutation: Your body sometimes deteriorates upon
                  | taking damage. [a shining eye]
 61143 | Zig:6    | Entered Level 6 of a ziggurat
 61250 | Zig:7    | Entered Level 7 of a ziggurat
 61256 | Zig:7    | Found the +8 mithril axe "Arga" {speed, Will+}
 61262 | Zig:7    | Reached XP level 25. HP: 250/250 MP: 30/30
 61290 | Zig:7    | Identified the +1 great sword of Internal Strife {venom,
                  | Fly rF+ Int-5 Dex+5}
 61321 | Zig:8    | Entered Level 8 of a ziggurat
 61325 | Zig:8    | Noticed Plog the pandemonium lord
 61355 | Zig:8    | Killed Plog the pandemonium lord
 61495 | Zig:9    | Entered Level 9 of a ziggurat
 61509 | Zig:9    | Mangled by a doom hound

Illustrated notes

Levels and vault maps discovered:
D:1:      saegor_arrival_simple_d, layout_loops_cross
D:2:      layout_loops_corners
D:3:      layout_basic, serial_shops, nicolae_shop_tiny_real_fake_doors,
          nicolae_ecumenical_pavilion, hangedman_decor_push
D:4:      layout_basic, serial_bayou_lake_a
D:5:      layout_loops_corners, mainiacjoe_overflow_cross_hatched,
          kennysheep_mini_moat, minivault_5, hex_large
D:6:      layout_cave_pools, general_overflow_altar, doesnt_xom_only_xom
D:7:      layout_loops_corners, minmay_temple_entry_tees, dk_noncrumbling_3,
          kennysheep_big_empty_room
D:8:      layout_cave_pools, lemuel_zombie_altar_yredelemnul,
          kennysheep_small_square
D:9:      layout_small_grid, nicolae_sif_muna_condensation,
          grunt_temple_overflow_open, orc_0_dummy, grunt_ministairs_14
D:10:     layout_irregular_city, nicolae_vehumet_altar_sigil,
          dpeg_lair_monsters, ebering_ghost_disaster_area, serial_shops, shop,
          uniq_josephine
D:11:     layout_layer_cave, serial_shops, nicolae_shop_advertising_works
          [nicolae_subvault_shop_adworks], nicolae_kikubaaqudgha_miasma_corner
D:12:     layout_long_grid
D:13:     layout_rooms
D:14:     layout_gridville, skrybe_vaults_entry_preservation, chequers_arboretum
D:15:     grunt_enter_depths_hoard, layout_irregular_city, minmay_hedge_maze
Temple:   chequers_temple_sunken
Lair:1:   layout_loops_ring, portal_ice_cave_rime, worms_lemuel, uniq_maggie,
          uniq_grum, uniq_sonja
Lair:2:   layout_gridlike, dummy_spider_entry, grunt_megastairs_4,
          serial_bayou_shore_a, uniq_urug
Lair:3:   layout_misc_corridors, nicolae_swamp_entry_spooky, serial_rivers,
          chequers_serial_rivers_large_b, chequers_serial_rivers_large_a,
          chequers_serial_rivers_marsh, chequers_serial_rivers_micro_a
Lair:4:   pond_and_an_island_with_a_cottage, layout_loops_ring,
          minmay_slime_entry_pillars, serial_bayou_ford_a, uniq_rupert
Lair:5:   hangedman_lair_in_review, layout_long_grid, guppyfry_lair_end_dragon,
          serial_bayou_pond_e
Swamp:1:  layout_falls_marsh, evilmike_swamp_ruin_house_4, swamp_pool1,
          nicolae_swamp_dragon_and_kin
Swamp:2:  layout_falls_marsh, nicolae_swamp_decorative_isthmus
Swamp:3:  layout_basic_swamp, serial_swamp_ruin, evilmike_swamp_ruin_rubble_2,
          evilmike_swamp_ruin_house_1, evilmike_swamp_ruin_house_3, uniq_mara
Swamp:4:  swamp_fiery, layout_basic_swamp, evilmike_swamp_ruin_rubble_1
Spider:1: layout_spider_delve
Spider:2: layout_spider_delve
Spider:3: layout_cave_pods, hangedman_stitches_earthworm,
          hangedman_spider_tarantella_strand, uniq_azrael
Spider:4: grunt_spider_rune_parallel
Orc:1:    layout_caves, bh_open_orc_temple, uniq_gastronok
Orc:2:    st_orc_pillars, layout_diamond_mine
Elf:1:    minmay_elf_arrival_plus, layout_gridlike, serial_shops,
          nicolae_shop_trees, minmay_elf_annihilation, minmay_elf_necromancy,
          uniq_kirke, uniq_frances
Elf:2:    nicolae_elf_blades_splatter_lattice [nicolae_blade_tridents],
          layout_loops_corners, serial_shops, nicolae_shop_tiny_waterfront,
          shop, lemuel_upstairs_altar
Elf:3:    minmay_elf_hall_dome, layout_gridlike
Vaults:1: nicolae_vaults_storage_closets_2, grunt_vaults_bifocal,
          nicolae_vaults_heart-shaped_vault, vaults_room_large_hall,
          grunt_vaults_funnel, st_cross, nicolae_vaults_house_1,
          ontoclasm_vaults_gateway, nicolae_vaults_oval_intersection,
          dpeg_vaults_monster_row, hangedman_vaults_impose,
          nicolae_vaults_frosty_reception, hangedman_vaults_slice,
          layout_vaults_ring
Vaults:2: gammafunk_ghost_ooze, ontoclasm_vaults_ring_large,
          nicolae_vaults_tetromino_T_1, vaults_dpeg_emergency_exit,
          nicolae_vaults_hallways_thing, minmay_crypt_entry_simple_corners,
          nicolae_vaults_ellipses_ellipsis, nicolae_vaults_mini_display_case,
          vaults_room_stairs_pillars, vaults_room_pool,
          layout_vaults_chaotic_city, uniq_bai_suzhen, uniq_nikola, uniq_aizul,
          uniq_boris
Vaults:3: gammafunk_ghost_spectres, v_rooms_2, v_pattern_3,
          nicolae_vaults_storage_closets_1, nicolae_vaults_little_squares_4,
          nicolae_vaults_sealed_display, nicolae_vaults_trapezoid_lopsided_3,
          v_misc_10, nicolae_vaults_big_ls, nicolae_vaults_specimen_jars,
          grunt_vaults_hallway_short, nicolae_vaults_trapezoid_1,
          nicolae_vaults_tetromino_T_1, nicolae_vaults_variable_pillar_hall,
          layout_vaults_big_cross, serial_shops, shop
Vaults:4: nicolae_vaults_meeting, v_alt_pattern_1, grunt_vaults_focal,
          v_misc_33, nicolae_vaults_tetromino_Z_2, v_rooms_1,
          hangedman_vaults_nails, nicolae_vaults_tetromino_T_2,
          nicolae_vaults_little_squares_1, nicolae_vaults_offset_grid_hallway_1,
          nicolae_vaults_more_shelving_1, layout_vaults_omnigrid
Vaults:5
Depths:1: layout_cave_pools, enter_ziggurat_e, hangedman_abyss_entry_splay,
          minmay_misc_feat_chi, ebering_ghost_disaster_area, pan_entry,
          hell_entry, lemuel_statue_altar, nicolae_twisty_statue_hallways,
          uniq_sojobo
Depths:2: minmay_the_grid_triangle_9x9_recursive_2
          [minmay_the_grid_triangle_9x9_prize_schism,
          minmay_the_grid_triangle_9x9_wacky_v,
          minmay_the_grid_triangle_9x9_flanged_cone,
          minmay_the_grid_triangle_9x9_cache], layout_twisted_cross,
          nicolae_hell_entry_big_baal_hell, abyss_entry_flame_altar,
          rand_demon_pan_entry_3, elyvilon_altar_5, grunt_ministairs_6,
          nicolae_qazlal_eye_of_the_storm
Depths:3: minmay_inner_zag, layout_honeycomb, pf_hell_entry_tar_river,
          nrook_mini_backslash, abyss_entry, roderic_lattice_octagonal_star
Depths:4: grunt_x_marks_the_spot, layout_long_grid, grunt_decor_fettered,
          ebering_ghost_gozag, pan_entry, serial_shops,
          nicolae_shop_hallway_stairs, grunt_hell_horde,
          minmay_tree_intersection, minivault_1, uniq_josephina
Zig:9

Skill      XL: |  1  2  3  4  5  6  7  8  9 10 11 12 13 14 15 16 17 18 19 20 21 22 23 24 25 |
---------------+----------------------------------------------------------------------------+-----
Dodging        | 1 2 3 4 5 6 8 9 10 12 13 14 15 16 17 18 19 20 21 | 21.7
Fighting       | 4 5 6 7 8 9 11 12 13 14 15 16 18 20 21 22 23 24 25 | 25.5
Armour         | 4 5 6 7 8 9 11 12 13 14 15 16 17 18 19 20 21 22 23 | 23.6
Shields        | 4 5 6 7 8 9 11 12 13 14 15 16 17 18 19 20 21 22 23 | 23.7
Axes           | 3 4 5 6 8 9 10 12 13 14 15 16 17 18 19 20 21 22 23 24 | 24.0
Invocations    | 6 10 | 10.8

Action                     |  1- 3 |  4- 6 |  7- 9 | 10-12 | 13-15 | 16-18 | 19-21 | 22-24 | 25-27 || total
---------------------------+-------+-------+-------+-------+-------+-------+-------+-------+-------++-------
  Melee: War axe           |    76 |       |       |   147 |  1210 |  1311 |   463 |       |       ||  3207
         Headbutt          |    11 |    10 |    27 |   117 |   291 |   335 |   276 |   579 |    14 ||  1660
         Mace              |     7 |    92 |   208 |   317 |       |       |       |       |       ||   624
         Broad axe         |       |       |       |       |       |       |   468 |  1767 |    43 ||  2278
 Invoke: Heroism           |       |       |       |     5 |    10 |    12 |     7 |     6 |     2 ||    42
  Evoke: Wand              |       |       |     2 |     2 |     3 |       |     1 |       |       ||     8
         Tin of tremorston |       |       |       |       |     1 |       |       |       |       ||     1
    Use: Scroll            |     8 |     6 |     6 |     5 |    15 |     9 |     8 |    20 |     1 ||    78
         Potion            |     1 |       |       |     4 |    15 |    25 |    12 |    22 |     9 ||    88
   Stab: Invisible         |       |       |       |     4 |     1 |     9 |     4 |     1 |    13 ||    32
 Armour: Scale mail        |    36 |    30 |    67 |   148 |   220 |       |       |       |       ||   501
         Plate armour      |       |       |       |       |   112 |   704 |   320 |   893 |    39 ||  2068
  Dodge: Dodged            |    34 |    28 |   117 |   253 |   626 |   670 |   486 |   758 |    40 ||  3012
  Block: Buckler           |    23 |    11 |    85 |   239 |   634 |   816 |   495 |   319 |       ||  2622
         Reflection        |       |       |     9 |    17 |    11 |    21 |    18 |    23 |       ||    99
         Kite shield       |       |       |       |       |       |       |       |   704 |    63 ||   767

Table legend: (Time is in decaauts)
 A = Elapsed time spent in this place.
 B = Non-inter-level travel time spent in this place.
 C = Inter-level travel time spent in this place.
 D = Time resting spent in this place.
 E = Time spent auto-exploring this place.
 F = Levels seen in this place.
 G = Mean time per level.
                   A        B        C        D        E       F      G
               +--------+--------+--------+--------+--------+-----+--------+
         Total |  60347 |  55832 |   4515 |   4001 |  40137 |  53 | 1138.6 |
       Dungeon |  17429 |  15585 |   1844 |    858 |  12291 |  15 | 1161.9 |
        Temple |     47 |     25 |     22 |      0 |      0 |   1 |   47.0 |
          Lair |   7367 |   6873 |    494 |    225 |   5215 |   5 | 1473.4 |
         Swamp |   4212 |   4082 |    130 |    242 |   3056 |   4 | 1053.0 |
   Spider Nest |   5932 |   5545 |    387 |    199 |   4101 |   4 | 1483.0 |
  Orcish Mines |   1764 |   1530 |    234 |      0 |   1132 |   2 |  882.0 |
   Elven Halls |   6061 |   5476 |    585 |    397 |   3890 |   3 | 2020.3 |
        Vaults |  12050 |  11459 |    591 |   1428 |   7375 |   5 | 2410.0 |
        Depths |   4324 |   4098 |    226 |    102 |   2985 |   4 | 1081.0 |
      Ziggurat |    577 |    577 |      0 |    227 |     29 |   9 |   64.1 |
      Ice Cave |    579 |    579 |      0 |    321 |     61 |   1 |  579.0 |
               +--------+--------+--------+--------+--------+-----+--------+

Top non-repeatable levels by time:
Vaults:4: 2733 daAuts
Vaults:1: 2694 daAuts
    D:14: 2546 daAuts
   Elf:1: 2530 daAuts
Vaults:2: 2373 daAuts
Vaults:3: 2145 daAuts
Spider:4: 2117 daAuts
Vaults:5: 2104 daAuts
    D:12: 1964 daAuts
    D:13: 1932 daAuts
   Elf:3: 1772 daAuts
   Elf:2: 1758 daAuts
  Lair:5: 1717 daAuts
  Lair:1: 1637 daAuts
Spider:3: 1547 daAuts
